 Dungeon Crawl Stone Soup version 0.18-a0-1164-g7046a04 (webtiles) character file.

577 Reinor the Covert (level 7, 0/46 HPs)
             Began as a Vampire Enchanter on Jan 25, 2016.
             Was an Initiate of Ashenzari.
             Killed by divine providence
             ... invoked by an orc priest
              (9 damage)
             ... on level 5 of the Dungeon.
             The game lasted 00:17:01 (5362 turns).

Reinor the Covert (Vampire Enchanter)               Turns: 5362, Time: 00:17:01

Health: 0/46       AC:  6    Str:  7    XL:     7   Next: 13%
Magic:  1/12       EV: 12    Int: 20    God:    Ashenzari [......]
Gold:   40         SH:  0    Dex: 14    Spells: 4 memorised, 4 levels left

rFire  . . .     SeeInvis +     a - +1 dagger
rCold  + . .     Gourm    .     b - +1 robe
rNeg   + + .     Faith    .     (no shield)
rPois  +         Spirit   .     (no helmet)
rElec  .         Dismiss  .     f - +2 cloak
rCorr  .         Reflect  .     (no gloves)
SustAt .         Harm     .     (no boots)
MR     .....                    (no amulet)
Stlth  ++++......               (no ring)
                                (no ring)

@: regenerating slowly, not resistant to hostile enchantments, stealthy
A: fangs 3, see invisible, unbreathing
a: Bat Form, Renounce Religion


You were on level 5 of the Dungeon.
You worshipped Ashenzari.
Ashenzari was noncommittal.
You were very thirsty.

You visited 2 branches of the dungeon, and saw 6 of its levels.

You collected 125 gold pieces.
You spent 85 gold pieces at shops.

Inventory:

Hand Weapons
 a - a +1 dagger (weapon)
Armour
 b - a +1 robe (worn)
 f - a +2 cloak (worn)
Scrolls
 e - 2 scrolls of teleportation
Potions
 d - 3 potions of blood
 g - a potion of lignification {unknown}
 h - a potion of haste {unknown}
 i - a potion of magic {unknown}
 j - 2 potions of agility
 k - a potion of curing
 l - 2 potions of ambrosia
Books
 c - a book of Maledictions

   Spells                             Type                      Level
   a - Corona                         Hexes                        1
   b - Ensorcelled Hibernation        Hexes/Ice                    2
   c - Confuse                        Hexes                        3
   d - Tukima's Dance                 Hexes                        3
   e - Dazzling Spray                 Conjuration/Hexes            3


   Skills:
 - Level 5.0 Short Blades
 - Level 2.1 Dodging
 - Level 8.3 Stealth
 + Level 3.9 Spellcasting
 - Level 5.0 Hexes


You had 4 spell levels left.
You knew the following spells:

 Your Spells              Type           Power        Failure   Level  Hunger
a - Corona                Hex            ###....      1%          1    None
b - Ensorcelled Hibernat  Hex/Ice        ##....       10%         2    ##.....
c - Tukima's Dance        Hex            ###.....     6%          3    ###....
d - Confuse               Hex            ###.....     6%          3    ###....


Dungeon Overview and Level Annotations

Branches:
Dungeon (5/15)             Temple (1/1) D:5

Altars:
Ashenzari
Dithmenos
Fedhas
Makhleb
Okawaru
Pakellas
Ru
Sif Muna
Trog
Vehumet
Xom
Yredelemnul
Zin
The Shining One

Shops:
D:4 *   D:5 (

Annotations:
D:3 namelastname112's ghost, amateur DrAK
D:4 Grinder


Innate Abilities, Weirdness & Mutations

You heal slowly.
You have razor-sharp teeth.
You have supernaturally acute eyesight.
You can survive without breathing.


Message History

You closely miss the orc priest.
The orc priest is moderately wounded.
You barely miss the orc priest.
The orc priest is moderately wounded.
The orc priest hits you with a hand axe.
You hit the orc priest but do no damage.
The orc priest is moderately wounded.
The orc priest hits you with a hand axe.
You closely miss the orc priest.
The orc priest is moderately wounded.
You hit the orc priest but do no damage.
The orc priest is moderately wounded.
The orc priest mumbles some strange prayers to Beogh against you.
Something smites you!
* * * LOW HITPOINT WARNING * * *
Drink which item? (? for menu, Esc to quit)
Okay, then.
The orc priest calls down the wrath of Beogh upon you.
Something smites you!
You die...

##....# #.#.#....# #..#...#
#...†# ###.#.###'##.#?.# ###.##
#...#.# #)# ...?.
####..######.#.#.# #.##.....#
..##.............# #........##
#.##.###.....###.# #o........ #
#.#####_#####.# #.._....# #
#.###.....###.# #.......## #
#............@###........#
#+#####......#....o†........#
.............#..............####
................####.<#.........
................####.###..#.####
#+#####...<.....'...............
# #....###+#....###.........####
#.#....###.#....# #.##.........
#..........#....# #.###.###+###


You could see an orc priest.

Vanquished Creatures
  An ogre (D:4)
  A necrophage (D:5)
  A centaur (D:5)
  A crimson imp (D:4)
  An orc wizard (D:3)
  Crazy Yiuf (D:4)
  2 orc priests
  Terence (D:3)
  A worker ant (D:5)
  6 adders (D:2)
  An adder zombie (D:5)
  An adder skeleton (D:4)
  2 worms
  A giant gecko (D:2)
  5 orcs
  2 ball pythons
  7 giant cockroaches
  12 goblins
  4 hobgoblins
  3 jackals (D:4)
  5 bats
  4 giant newts (D:1)
  7 kobolds
  7 rats
77 creatures vanquished.

Notes
Turn   | Place    | Note
--------------------------------------------------------------
     0 | D:1      | Reinor the Vampire Enchanter began the quest for the Orb.
     0 | D:1      | Reached XP level 1. HP: 13/13 MP: 3/3
   129 | D:1      | Reached XP level 2. HP: 17/19 MP: 5/5
   279 | D:1      | Learned a level 2 spell: Ensorcelled Hibernation
   889 | D:2      | Reached XP level 3. HP: 18/24 MP: 3/6
  1332 | D:2      | Learned a level 3 spell: Tukima's Dance
  1831 | D:2      | Reached XP level 4. HP: 30/30 MP: 3/7
  1922 | D:3      | Reached skill level 5 in Short Blades
  2347 | D:3      | Found an iron altar of Okawaru.
  2353 | D:3      | Noticed namelastname112's ghost (amateur DrAK)
  2517 | D:3      | Reached skill level 5 in Stealth
  2517 | D:3      | Reached XP level 5. HP: 32/35 MP: 5/8
  2602 | D:3      | Noticed Terence
  2616 | D:3      | Killed Terence
  2616 | D:3      | Reached skill level 6 in Stealth
  2899 | D:4      | Noticed Grinder
  2901 | D:4      | Found Fecalum's Assorted Antiques.
  2904 | D:4      | Bought a purple potion for 19 gold pieces
  2904 | D:4      | Bought a scroll labeled OSMUZEBLOCI for 22 gold pieces
  2906 | D:4      | Paralysed by Grinder for 6 turns
  3562 | D:4      | Found a glowing silver altar of Zin.
  3569 | D:4      | Found a radiant altar of Vehumet.
  3575 | D:4      | Found a sacrificial altar of Ru.
  3586 | D:4      | Found a shadowy altar of Dithmenos.
  3594 | D:4      | Found an iron altar of Okawaru.
  3600 | D:4      | Found a shimmering altar of Xom.
  3607 | D:4      | Found a bloodstained altar of Trog.
  3870 | D:4      | Noticed an ogre
  3974 | D:4      | Bought a scroll of identify for 44 gold pieces
  4010 | D:5      | Entered Level 5 of the Dungeon
  4286 | D:5      | Found Tyiviq's Antique Weapon Shoppe.
  4387 | D:5      | Noticed a necrophage
  4421 | D:5      | Found a staircase to the Ecumenical Temple.
  4436 | Temple   | Entered the Ecumenical Temple
  4471 | Temple   | Became a worshipper of Ashenzari the Shackled
  4617 | D:4      | Noticed Crazy Yiuf
  4621 | D:4      | Killed Crazy Yiuf
  4621 | D:4      | Reached skill level 7 in Stealth
  4796 | D:4      | Reached XP level 6. HP: 41/41 MP: 5/9
  4801 | D:4      | Learned a level 3 spell: Confuse
  5051 | D:4      | Reached skill level 8 in Stealth
  5051 | D:4      | Reached skill level 5 in Hexes
  5138 | D:5      | Found a bloodstained altar of Trog.
  5181 | D:5      | Found a shattered altar of Ashenzari.
  5215 | D:5      | Reached XP level 7. HP: 46/46 MP: 7/12
  5362 | D:5      | Killed from afar by an orc priest

Vault maps used:
D:1:      dpeg_arrival_arbitrary_b, st_stairs_1
D:3:      small_statue_alley_b, okawaru_trees_1, uniq_terence
D:4:      grunt_temple_overflow_octagram, first_bread, serial_shops,
          nicolae_shop_behind_doors, uniq_grinder, uniq_crazy_yiuf_cottage
D:5:      minmay_temple_entry_statues_fountains, serial_shops,
          nicolae_shop_crystal, basic_altar, cheibrodos_ashenzari_chains
Temple:   oiseaux_autumnal_temple_12

Action                   |  1- 3 |  4- 6 |  7- 9 || total
-------------------------+-------+-------+-------++-------
Melee: Dagger            |   117 |   162 |    23 ||   302
 Cast: Corona            |     4 |     3 |       ||     7
       Ensorcelled Hiber |     7 |    22 |     8 ||    37
       Confuse           |       |     1 |       ||     1
 Abil: End Transformatio |       |     4 |       ||     4
       Bat Form          |       |     4 |       ||     4
  Use: Scroll            |     3 |     7 |       ||    10
       Potion            |     2 |     6 |       ||     8
 Stab: Sleeping          |    11 |    17 |     4 ||    32
       Confused          |       |     1 |       ||     1
  Eat: Corpse            |     1 |       |       ||     1
